AoeStats
← IllusiveJellyfish

Arabia

508573964Analyzed
2v2 RM · 8d ago on Sep 23, 2026· 53m 55s· 4 players
Game mode
Random Map
Map size
Medium (4 player)
Population
200
Speed
Normal
Resources
Standard
Victory
Conquest
Starting age
Dark Age
Ending age
Imperial Age
RankedLock teamsTeams togetherTeam positionsShared explorationLock speedFull tech treeHidden civsTurbo modeCheats
Victory
Defeat
🇺🇸 Hindustanis · United States
1159
+17
🇺🇸 Saxons · United States
1158
+17
🇦🇷 Varangians · Argentina
1184
-17
🇦🇷 Ethiopians · Argentina
1182
-17
Oomeulbad
6:06 Loom
9:15 Feudal Age
9:45 Double-Bit Axe
10:12 Horse Collar
19:55 Castle Age
19:20 Fletching
20:07 Padded Archer Armor
21:06 Bow Saw
23:30 Wheelbarrow
23:49 Gold Mining
24:00 Elite Skirmisher
25:40 Town Watch
27:16 Hand Cart
28:15 Bodkin Arrow
29:01 Bloodlines
29:32 Leather Archer Armor
29:56 Husbandry
31:28 Heavy Plow
33:06 Forging
35:27 Imperial Age
33:58 Ballistics
36:13 Bracer
36:44 Ring Archer Armor
37:05 Conscription
36:06 Elite Ghulam
39:33 Scale Barding Armor
40:04 Iron Casting
38:52 Heavy Camel Rider
44:00 Light Cavalry
47:13 Hussar
IllusiveJellyfish
6:28 Loom
6:41 Loom
9:12 Feudal Age
9:52 Double-Bit Axe
14:11 Horse Collar
22:16 Castle Age
23:43 Pikeman
27:38 Fletching
27:49 Padded Archer Armor
27:50 Crossbowman
29:28 Bodkin Arrow
29:49 Leather Archer Armor
30:24 Thumb Ring
30:58 Town Watch
31:56 Town Patrol
34:30 Ballistics
41:55 Imperial Age
43:56 Wheelbarrow
43:15 Gold Mining
43:15 Stone Mining
43:43 Bow Saw
44:18 Arbalester
45:19 Bracer
45:50 Ring Archer Armor
50:13 Two-Man Saw
49:34 Forging
49:25 Scale Mail Armor
MonoH
8:40 Loom
10:34 Feudal Age
15:07 Castle Age
18:34 Double-Bit Axe
25:31 Squires
27:29 Forging
29:13 Scale Barding Armor
32:22 Husbandry
33:22 Iron Casting
33:07 Bloodlines
37:36 Chain Barding Armor
40:21 Wheelbarrow
39:32 Town Watch
48:32 Horse Collar
ChinoR
8:41 Loom
8:44 Loom
11:05 Feudal Age
12:00 Double-Bit Axe
13:19 Horse Collar
23:12 Castle Age
22:04 Gold Mining
24:31 Bow Saw
23:52 Crossbowman
24:37 Thumb Ring
24:46 Fletching
24:56 Padded Archer Armor
26:01 Wheelbarrow
27:49 Ballistics
27:44 Bodkin Arrow
29:07 Hand Cart
30:48 Heavy Plow
32:27 Husbandry
31:47 Light Cavalry
32:49 Leather Archer Armor
32:42 Scale Barding Armor
32:47 Forging
39:24 Imperial Age
38:50 Chain Barding Armor
38:40 Forging
39:25 Arbalester
41:15 Chemistry
39:39 Hussar
40:25 Bracer
40:55 Ring Archer Armor
41:02 Iron Casting
Connection lost

Rejoining the realm…

Still unreachable

The connection could not be restored.

Session expired

The server has moved on; the page needs a fresh start.